Map: Dusk Towers

Players

LilDicky - Winner!

  • Race: Terran Terran

Anathema

  • Race: Terran Terran
  • League: Silver

VOD

http://www.twitch.tv/tumescentpie

Description

Time

  • Played on: Nov. 19, 2015, 10:09 p.m.
  • Length: 11:28
Show
View Real Time Build Order
Export as new Build Order

LilDicky Terran - Winner!

Build Orders: 1/1/1, Banshee Rush 

Get SALT Encoding   

  12  0:01  SCV  
  13  0:15  SCV  
  13  0:20  Supply Depot  
  14  0:27  SCV  
  15  0:28  Refinery  
  15  0:42  SCV  
  16  0:45  Barracks  
  16  0:54  SCV  
  17  1:06  SCV  
  18  1:25  SCV  
  19  1:32  Factory, Marine  
  20  1:36  Refinery  
  20  1:37  Orbital Command  
  20  1:46  Supply Depot  
  20  1:50  Marine  
  21  2:03  SCV  
  22  2:10  Barracks Tech Lab  
  22  2:13  Marine  
  23  2:15  SCV  
  23  2:17  Factory Tech Lab  
  23  2:18  Starport  
  24  2:31  Marine  
  24  2:33  SCV, Supply Depot  
  28  2:49  Marine  
  28  2:50  SCV  
  27  3:02  SCV  
  27  3:03  Banshee, Cloaking Field  
  27  3:05  Widow Mine  
  31  3:07  Marine  
  31  3:08  Supply Depot  
  34  3:17  Engineering Bay  
  34  3:24  SCV, Marine  
  36  3:35  Factory Tech Lab  
  36  3:42  SCV  
  36  3:43  Marine  
  36  3:47  Supply Depot, Banshee  
  41  3:55  SCV  
  42  3:56  Missile Turret  
  42  4:01  Marine  
  43  4:06  Siege Tank  
  43  4:07  SCV  
  47  4:19  Marine  
  48  4:37  SCV  
  49  4:40  Siege Tank  
  49  4:42  Banshee  
  55  4:47  Command Center  
  52  4:58  SCV  
  53  5:07  Sensor Tower  
  53  5:13  SCV  
  54  5:19  Sensor Tower  
  54  5:29  SCV  
  55  5:36  Banshee  
  55  5:39  Refinery  
  55  5:41  SCV  
  55  5:42  Refinery  
  59  5:43  Missile Turret  
  59  5:45  Siege Tank  
  62  5:54  SCV  
  63  5:59  Marine  
  64  6:06  SCV  
  62  6:11  Orbital Command  
  62  6:18  SCV  
  63  6:20  Starport  
  63  6:24  Supply Depot  
  63  6:27  Siege Tank  
  63  6:30  SCV, Banshee  
  66  6:57  Starport Reactor  
  66  6:58  Marine  
  67  7:04  SCV x2  
  69  7:09  Missile Turret  
  69  7:11  Siege Tank  
  69  7:13  Medivac  
  74  7:15  Marine  
  74  7:16  SCV  
  74  7:19  Supply Depot  
  76  7:27  Command Center  
  76  7:34  Viking, Medivac  
  80  7:37  Supply Depot  
  80  7:38  Marine  
  80  7:40  SCV  
  82  7:46  Supply Depot  
  82  7:48  Siege Tank  
  85  7:55  SCV  
  85  7:56  Marine  
  85  7:58  SCV  
  88  8:37  Siege Tank  
  88  8:38  Banshee, Viking x2  
  98  8:54  Factory  
  98  8:59  SCV  
  98  9:00  Factory  
  99  9:03  SCV x2, Factory  
  101  9:10  Supply Depot x2  
  101  9:11  SCV  
  92  9:38  Viking x2  
  92  9:39  Viking  
  95  9:50  Siege Tank  
  98  10:19  Banshee, Viking x2  
  105  10:28  Factory Tech Lab x2, Factory Reactor  
  105  10:31  SCV x2  
  105  10:33  Orbital Command  
  104  10:37  Refinery x2  
  100  10:43  SCV x2  
  100  10:47  Command Center  
  102  10:55  SCV, Refinery  
  101  10:57  Missile Turret  
  101  10:58  Refinery  
  101  10:59  Missile Turret x2  
Show
View Real Time Build Order
Export as new Build Order

Anathema Terran 

Build Orders:  

Get SALT Encoding   

  12  0:02  SCV  
  13  0:14  SCV  
  14  0:26  SCV  
  15  0:31  Supply Depot  
  15  0:46  Refinery  
  15  0:52  SCV  
  15  0:56  Barracks  
  16  1:04  SCV  
  17  1:17  SCV  
  18  1:29  SCV  
  18  1:31  Supply Depot  
  18  1:32  Refinery  
  19  1:43  Orbital Command  
  19  1:44  Marine  
  20  1:50  Factory  
  20  2:03  Marine  
  21  2:09  SCV  
  21  2:15  Supply Depot  
  22  2:21  SCV  
  23  2:33  Marine  
  23  2:34  Factory Tech Lab  
  23  2:37  Starport  
  24  2:40  SCV, Engineering Bay  
  25  2:53  SCV  
  25  2:56  Barracks  
  26  3:03  Siege Tank  
  29  3:08  Terran Infantry Weapons Level 1  
  29  3:11  Marine  
  30  3:19  Medivac  
  32  3:25  Supply Depot, SCV  
  33  3:32  Marine  
  34  3:37  SCV  
  35  3:42  Siege Tank  
  35  3:44  Marine  
  39  3:49  SCV  
  40  4:13  Command Center  
  40  4:15  Medivac  
  40  4:16  Marine  
  40  4:17  Marine  
  43  4:21  Missile Turret  
  33  4:57  Missile Turret  
  31  5:21  Marine x2  
  31  5:28  Viking  
  31  5:39  SCV, Marine x2  
  30  5:52  SCV  
  30  5:57  Marine x2  
  26  6:13  SCV  
  27  6:21  Starport Reactor  
  27  6:25  SCV  
  25  6:58  Siege Tank  
  25  6:59  Barracks Tech Lab  
  28  7:04  SCV  
  28  7:07  Barracks Reactor  
  29  7:15  Orbital Command  
  29  7:16  SCV  
  30  7:28  SCV  
  31  7:31  Missile Turret  
  31  7:40  SCV  
  32  7:49  Marine x2  
  34  7:51  Missile Turret  
  34  7:53  SCV  
  34  7:54  Marine  
  34  7:57  SCV  
  37  8:05  SCV  
  38  8:07  Marine  
  38  8:10  SCV  
  38  8:11  Marine x2  
  39  8:40  Marine  
  40  8:47  Viking  
  40  8:48  Viking  
  44  8:52  Barracks  
  44  8:54  SCV x2  
  46  8:56  Barracks  
  46  9:10  Missile Turret  
  46  9:18  Missile Turret  
  46  9:19  Marine  
  46  9:29  Siege Tank  
  39  9:49  Viking  
  39  9:50  Viking  
  39  9:51  SCV x2  
  42  9:55  Barracks Reactor  
  42  9:56  Barracks Reactor  
  42  10:03  SCV x2  
  44  10:15  SCV x2  
  44  10:19  Barracks  
  44  10:20  Barracks  
  44  10:21  Refinery  
  46  10:22  Refinery  
  46  10:27  SCV x2  
  42  10:39  SCV  
  41  10:47  Viking  
  41  10:53  Marine x3  
  41  10:56  Marine  
  43  11:10  Marine x2  
Tags
 
Add a new tag
Caveats
  • Supply blocks, unpowered buildings, or Contaminate may cause inaccurate times.
  • Supply counts are checked every 10 seconds.